Map: [ESL] Curious Minds

Players

Lambo

  • Race: Zerg Zerg

Bunny - Winner!

  • Race: Terran Terran

Event: IEM Katowice 2022

VOD

Have the link to the VOD?

Description

Time

  • Played on: Feb. 25, 2022, 8:27 a.m.
  • Length: 7:34

All games in this series

Show
View Real Time Build Order
Export as new Build Order

Lambo Zerg 

Build Orders: Pool First 

Get SALT Encoding   

  12  0:00  Drone  
  13  0:12  Overlord  
  13  0:17  Drone  
  14  0:30  Drone x2  
  14  0:34  Drone  
  17  0:43  Spawning Pool  
  17  0:47  Drone  
  17  1:07  Hatchery  
  17  1:10  Drone  
  17  1:13  Drone  
  17  1:18  Extractor  
  17  1:27  Drone  
  17  1:30  Zergling x2  
  17  1:31  Queen  
  21  1:40  Overlord  
  21  1:49  Drone  
  22  2:02  Drone  
  22  2:07  Queen  
  25  2:13  Drone  
  26  2:15  Hatchery  
  25  2:23  Drone x2  
  25  2:29  Metabolic Boost  
  27  2:31  Drone  
  28  2:40  Drone x2  
  28  2:42  Drone  
  31  2:47  Queen  
  33  2:52  Overlord  
  33  2:54  Drone  
  33  2:57  Drone  
  35  3:01  Drone  
  36  3:10  Queen  
  36  3:11  Drone x2  
  36  3:12  Drone  
  41  3:15  Drone x2  
  41  3:19  Drone  
  44  3:21  Overlord  
  44  3:26  Overlord  
  44  3:29  Queen  
  46  3:34  Queen  
  46  3:38  Zergling x4  
  49  3:41  Zergling x4  
  49  3:43  Zergling x2  
  49  3:47  Overlord  
  52  3:50  Zergling x2  
  52  3:51  Drone x2  
  55  3:56  Drone x2  
  55  3:59  Drone x2  
  59  4:04  Drone x2, Overlord  
  59  4:09  Drone x2  
  63  4:13  Drone  
  63  4:14  Drone  
  63  4:16  Queen  
  67  4:18  Zergling x2  
  67  4:22  Overlord  
  68  4:24  Drone x2  
  68  4:25  Drone  
  68  4:30  Lair  
  71  4:32  Extractor  
  71  4:33  Baneling Nest  
  71  4:35  Drone x2  
  71  4:36  Drone  
  72  4:40  Drone  
  72  4:42  Zergling x2  
  72  4:43  Drone x2  
  72  4:45  Queen  
  76  4:50  Drone x2  
  80  4:53  Drone  
  80  4:57  Drone  
  82  5:00  Spore Crawler x2, Extractor  
  82  5:01  Overlord, Extractor  
  82  5:02  Spore Crawler  
  82  5:04  Drone  
  82  5:05  Drone x2  
  82  5:06  Drone  
  81  5:09  Drone  
  82  5:15  Overlord  
  82  5:16  Overlord  
  82  5:17  Overlord  
  82  5:19  Overlord  
  83  5:21  Overlord  
  83  5:25  Overlord  
  83  5:27  Zergling x10  
  87  5:29  Baneling  
  87  5:30  Overseer  
  87  5:31  Centrifugal Hooks  
  87  5:35  Zergling x8  
  91  5:39  Drone x2  
  91  5:41  Zergling x4  
  95  5:45  Baneling x7  
  95  5:47  Drone  
  96  5:52  Overlord  
  96  5:53  Zergling x8  
  99  5:57  Zergling x4  
  99  5:58  Baneling x2  
  99  6:00  Queen  
  99  6:01  Overlord  
  99  6:03  Overlord, Zergling x2  
  104  6:04  Baneling  
  104  6:05  Baneling  
  104  6:12  Hatchery  
  104  6:16  Zergling x8  
  109  6:18  Zergling x4  
  109  6:22  Zergling x4  
  112  6:25  Zergling x2  
  107  6:33  Evolution Chamber, Zergling x14  
  107  6:34  Evolution Chamber  
  107  6:36  Baneling x5  
  112  6:40  Zergling x8  
  112  6:47  Zergling x4  
  112  6:49  Overlord  
  112  6:50  Queen  
  114  6:54  Baneling x5  
  114  6:55  Baneling x3, Zergling x2  
  111  7:01  Overlord  
  111  7:03  Overlord  
  111  7:07  Zergling x14  
  92  7:11  Zergling x6  
  92  7:14  Zergling x2  
Show
View Real Time Build Order
Export as new Build Order

Bunny Terran - Winner!

Build Orders: Command Center First (CC), Hellion Opening 

Get SALT Encoding   

  12  0:00  SCV  
  13  0:12  SCV  
  14  0:16  Supply Depot  
  14  0:24  SCV  
  15  0:38  SCV  
  16  0:50  SCV  
  17  0:58  Command Center  
  17  1:02  SCV  
  18  1:11  Barracks  
  18  1:15  SCV  
  19  1:20  Refinery  
  19  1:27  SCV  
  19  1:30  Refinery  
  20  1:39  SCV  
  21  1:51  SCV  
  22  1:58  Marine  
  23  2:03  Orbital Command  
  23  2:09  Factory  
  23  2:14  Orbital Command  
  23  2:19  Barracks Reactor  
  23  2:28  Supply Depot  
  23  2:31  SCV  
  24  2:39  SCV  
  24  2:43  SCV  
  26  2:52  SCV  
  26  2:55  SCV  
  26  2:56  Starport  
  28  3:00  Hellion x2  
  28  3:05  SCV  
  33  3:07  SCV, Barracks Tech Lab  
  34  3:17  SCV  
  34  3:19  SCV  
  36  3:22  Hellion x2  
  36  3:26  Stimpack, Marine  
  41  3:29  SCV  
  41  3:32  SCV  
  41  3:33  Viking  
  45  3:43  SCV  
  45  3:48  Hellion x2, Marine  
  51  3:49  Supply Depot  
  51  3:51  SCV  
  52  3:55  SCV  
  52  4:01  Supply Depot  
  53  4:03  SCV  
  54  4:10  SCV  
  54  4:12  Barracks  
  54  4:13  Starport Reactor  
  54  4:15  Barracks  
  54  4:16  SCV, Factory Tech Lab  
  56  4:19  Marine  
  56  4:22  SCV  
  58  4:26  Refinery, Engineering Bay  
  58  4:29  Supply Depot  
  58  4:30  SCV  
  59  4:34  SCV  
  59  4:36  Siege Tank  
  63  4:39  Marine  
  63  4:42  SCV  
  63  4:44  Barracks  
  65  4:47  SCV  
  66  4:53  Barracks  
  66  4:56  SCV  
  66  4:59  SCV  
  68  5:04  Marine  
  68  5:05  Marine  
  68  5:06  Marine  
  71  5:07  Starport Reactor  
  71  5:08  Siege Tank, Combat Shield  
  71  5:12  Terran Infantry Weapons Level 1  
  74  5:16  Supply Depot  
  74  5:17  Supply Depot  
  74  5:20  Supply Depot, Marine  
  75  5:22  Marine  
  75  5:25  Marine x2  
  78  5:37  Marine x2  
  78  5:38  Marine  
  78  5:40  Supply Depot, Marine  
  78  5:41  Siege Tank  
  85  5:43  Marine x2, Medivac  
  85  5:44  Medivac  
  85  5:47  Marine  
  92  5:51  Supply Depot  
  92  5:55  Marine x3  
  95  5:57  Marine  
  95  6:01  Marine x2  
  98  6:06  Supply Depot  
  98  6:07  Marine  
  99  6:13  Medivac  
  99  6:14  Medivac  
  99  6:18  Marine x5  
  103  6:24  Siege Tank  
  110  6:36  Marine x2  
  112  6:43  Marine x5  
  112  6:44  Supply Depot x2  
  117  6:54  Marine x2, Medivac  
  119  6:56  Siege Tank  
  119  7:00  Marine  
  119  7:01  Marine x2  
  108  7:09  Marine x2  
  108  7:12  Marine x2  

Tags
 
Add a new tag
Caveats
  • Supply blocks, unpowered buildings, or Contaminate may cause inaccurate times.
  • Supply counts are checked every 10 seconds.